 Dungeon Crawl Stone Soup version 0.27-a0-1193-g8631133539 (webtiles) character file.

Game seed: 11481531482064174394

17045 robertstho the Cleaver (level 12, -15/79 HPs)
             Began as a Tengu Berserker on May 26, 2021.
             Was a High Priest of Trog.
             Hit by a javelin thrown by a minotaur (32 damage)
             ... in a Gauntlet.
             The game lasted 00:20:42 (13015 turns).

robertstho the Cleaver (Tengu Berserker)           Turns: 13015, Time: 00:20:42

Health: -15/79     AC: 12    Str: 28    XL:     12   Next: 43%
Magic:  13/13      EV: 16    Int:  8    God:    Trog [*****.]
Gold:   596        SH:  0    Dex: 14    Spells: 11/11 levels left

rFire    x . .     SeeInvis .   l - +10 battleaxe of Revolt {vorpal, +Rage rPois}
rCold    + . .     Faith    .   (shield currently unavailable)
rNeg     . . .     Spirit   .   w - +2 acid dragon scales
rPois    +         Reflect  .   (helmet restricted)
rElec    .         Harm     .   G - +0 cloak
rCorr    +         Rampage  .   (no gloves)
Will     .....     NoTele   +   (boots unavailable)
Stlth    ++........             (no amulet)
HPRegen  0.23/turn              C - +6 ring of strength
MPRegen  0.13/turn              H - ring of ice

@: flying quickly and evasively, quick
A: beak, talons 3, nimble flight
a: Renounce Religion, Evoke Berserk Rage, Berserk, Trog's Hand, Brothers in Arms


You were in a Gauntlet.
You worshipped Trog.
Trog was extremely pleased with you.
You visited 1 branch of the dungeon, and saw 12 of its levels.
You also visited: Sewer, Gauntlet and Ice Cave.

You collected 794 gold pieces.
You spent 198 gold pieces at shops.

Inventory:

Hand Weapons
 h - a +5 broad axe of flaming
 l - the +10 battleaxe of Revolt (weapon) {vorpal, +Rage rPois}
   (You found it on level 4 of the Dungeon)

   It inflicts extra damage upon your enemies.
   It protects you from poison.
   It lets you go berserk.
Missiles
 b - 5 silver javelins
Armour
 f - a +0 chain mail
 w - +2 acid dragon scales (worn)
 G - a +0 cloak (worn)
Jewellery
 a - a ring of poison resistance
 r - a ring of see invisible
 u - a ring of magical power
 v - a +6 ring of strength
 C - a +6 ring of strength (left hand)
 H - a ring of ice (right hand)
Wands
 e - a wand of flame (21)
 y - a wand of iceblast (7)
Scrolls
 c - a scroll of silence
 g - 9 scrolls of teleportation
 m - 4 scrolls of magic mapping
 q - 5 scrolls of enchant weapon
 t - 4 scrolls of fog
 x - a scroll of immolation
 A - a scroll of blinking
 B - 2 scrolls of enchant armour
 D - a scroll of summoning
Potions
 d - a potion of attraction
 i - 11 potions of curing {unknown}
 j - 4 potions of might {unknown}
 k - 3 potions of haste {unknown}
 n - a potion of resistance
 o - a potion of lignification
 p - a potion of ambrosia
 s - 2 potions of magic
 F - 7 potions of heal wounds {unknown}


   Skills:
 * Level 10.6 Fighting
 + Level 5.4 Long Blades
 + Level 12.4 Axes
 * Level 12.3 Armour
 + Level 5.0 Dodging
 + Level 1.8 Stealth


You had 11 spell levels left.
You didn't know any spells.
Your spell library was empty.

Dungeon Overview and Level Annotations

Branches:
Dungeon (12/15)            Temple (0/1) D:6            Lair (0/6) D:9
    Orc (0/2) D:10          Sewer (visited)           IceCv (visited)
Gauntlet (1/1)

Altars:
Dithmenos
Gozag
Hepliaklqana
Makhleb
Nemelex Xobeh
Okawaru
Ru
Uskayaw
Xom
Yredelemnul
Zin
The Shining One

Shops:
D:2 [

Annotations:
Gauntlet 8 transporters, 1 runed translucent door


Innate Abilities, Weirdness & Mutations

You have a beak for a mouth.
You have claws for feet.
Your magical nature lets you fly swiftly and evasively.


Message History

You slice the lightning spire!!
You destroy the lightning spire!
Trog accepts your kill.
e - a wand of flame (21)
u - a ring of magical power You see here the +7 scimitar of Owixio {venom, *Rage Will+ Str+7}.
There is a transporter here.
You start resting.
You feel yourself speed up.
You start resting.
The moth of wrath's fur bristles in rage as it notices you.
The hell hound barks!
You recover from your berserk rage.
You start resting.
The moth of wrath angrily waves its antennae.
The hell hound barks!
The hell hound stops to sniff the ground.
HP restored.
Okay, then.
You enter the transporter and appear at another place.
You reach down and open the door.
A minotaur comes into view.
It is wielding the +9 glaive of the First Beggars {vorpal, rElec Dex+4}.
The minotaur bellows!
The minotaur throws a javelin.
The javelin pierces through you!!
Found four items.
You reach down and close the door.
Your ogre goes berserk!
A minotaur opens the door.
You hear a shout!
Aiming: Iceblast
Press: ? - help, Shift-Dir - straight line, f - minotaur
Aim: a minotaur, wielding the +9 glaive of the First Beggars {vorpal, rElec Dex+4}, wearing +2 pearl dragon scales, wearing a ring of protection from cold and quivering javelins The mass of ice explodes!
The iceblast engulfs the minotaur!
The minotaur partially resists.
The minotaur is lightly wounded.
The minotaur hits you from afar with the +9 glaive of the First Beggars {vorpal, rElec Dex+4}!!
* * * LOW HITPOINT WARNING * * *
x2 Your ogre barely misses the minotaur.
The minotaur throws a javelin.
The javelin pierces through you!!
You die...

#≈..#########.#########.#########
##...............................
#≈..............8.∩.8............
###§#≈#≈#≈#≈#############≈#≈#≈#≈#
############.........##########
##...©.©.©...## #.............#
#.#.#######.#.# #.#..@.#O...#.#
#.#.##.#.##.#.# #......O......#
#.#..##H##..#.# #.#..#8.8#..#.#
#....#...#....# ###8.#8.8#.8###
####/.)#### #8.8#


You could see a minotaur (ally target) and a friendly ogre (summoned, berserk).

Vanquished Creatures
  Fannar (D:10)
  A two-headed ogre (D:9)
  4 ugly things
  A cyclops (D:11)
  2 centaur zombies (D:11)
  An eye of devastation (Gauntlet)
  An elephant (D:9)
  Maurice (D:10)
  A gargoyle (D:11)
  An unseen horror (D:11)
  Maggie (D:9)
  2 ice statues (IceCv)
  Psyche (D:10)
  5 ice devils (IceCv)
  A komodo dragon (D:10)
  A troll (D:11)
  2 hornets (D:9)
  Prince Ribbit (D:9)
  2 raiju (Gauntlet)
  4 wyverns
  A wraith (D:10)
  15 yaks
  2 basilisks (D:9)
  2 golden eyes (Gauntlet)
  4 steam dragons
  2 vampire mosquitoes (D:11)
  2 water moccasins
  3 orc warriors
  2 sky beasts
  2 black bears (D:4)
  An ice beast (D:6)
  2 necrophages (D:5)
  2 ogres (D:5)
  2 centaurs
  A kobold brigand (D:9)
  5 bullfrogs
  3 wyvern zombies
  A scorpion (D:5)
  6 wights
  5 killer bees (D:8)
  An electric eel (D:7)
  2 howler monkeys
  5 hounds
  3 orc priests
  A jelly (D:5)
  A bullfrog skeleton (D:7)
  5 iguanas
  6 orc wizards
  A lightning spire (Gauntlet)
  2 killer bee zombies
  14 adders
  A howler monkey skeleton (D:4)
  3 river rats (Sewer)
  3 shadow imps
  10 white imps (IceCv)
  6 ufetubi
  An adder skeleton (D:5)
  A worm (D:2)
  2 dart slugs
  18 orcs
  10 endoplasms
  5 giant cockroaches
  6 goblins
  5 hobgoblins
  4 jackals (D:2)
  3 quokkas (D:4)
  10 ball pythons
  7 bats
  4 frilled lizards
  9 kobolds
  28 rats
274 creatures vanquished.

Vanquished Creatures (others)
  A reaper (IceCv)
  4 white imps (IceCv)
  2 ufetubi (IceCv)
  18 plants (D:7)
25 creatures vanquished.

Grand Total: 299 creatures vanquished

Notes
Turn   | Place    | Note
-------+----------+-------------------------------------------
     0 | D:1      | robertstho the Tengu Berserker began the quest for the Orb.
     0 | D:1      | Reached XP level 1. HP: 14/14 MP: 2/2
   180 | D:1      | Reached XP level 2. HP: 19/19 MP: 3/3
   239 | D:1      | Found a faded altar of an unknown god.
   845 | D:2      | Reached XP level 3. HP: 17/23 MP: 4/4
   962 | D:2      | Reached ** piety under Trog
  1189 | D:2      | Found Dyll's Antique Armour Shoppe.
  1886 | D:3      | Reached XP level 4. HP: 29/29 MP: 5/5
  2118 | D:4      | Found a glowing drain.
  2125 | Sewer    | Entered a sewer
  2397 | Sewer    | Gained mutation: Your magical nature lets you fly swiftly
                  | and evasively. [Tengu growth]
  2397 | Sewer    | Reached XP level 5. HP: 16/34 MP: 6/6
  2632 | Sewer    | Reached *** piety under Trog
  2956 | Sewer    | Reached XP level 6. HP: 39/39 MP: 7/7
  3099 | D:4      | Identified the +10 battleaxe of Revolt {vorpal, +Rage
                  | rPois}
  3103 | D:4      | Found an opulent altar of Gozag.
  3245 | D:4      | Noticed a black bear
  3252 | D:4      | Killed a black bear
  3253 | D:4      | Reached XP level 7. HP: 42/44 MP: 8/8
  3290 | D:4      | Reached skill level 5 in Long Blades
  3290 | D:4      | Reached skill level 5 in Armour
  3555 | D:4      | Reached skill level 5 in Fighting
  3667 | D:2      | Bought a blackened ring mail for 198 gold pieces
  3667 | D:2      | Identified the +0 ring mail of Sodghuvoe {Rampage} (You
                  | bought it in a shop on level 2 of the Dungeon)
  3720 | D:5      | Entered Level 5 of the Dungeon
  3728 | D:5      | Reached skill level 1 in Axes
  4186 | D:5      | Found a shimmering altar of Xom.
  4186 | D:5      | Noticed an angel
  4189 | D:5      | Found a glowing silver altar of Zin.
  4508 | D:5      | Reached XP level 8. HP: 49/49 MP: 9/9
  4688 | D:5      | Reached **** piety under Trog
  5777 | D:6      | Found a shadowy altar of Dithmenos.
  5777 | D:6      | Noticed a shadow
  5778 | D:6      | Found a hazy altar of Hepliaklqana.
  5816 | D:6      | Noticed a +0 spear
  5816 | D:6      | Noticed a +0 short sword
  5817 | D:6      | Noticed a +0 spear
  5817 | D:6      | Noticed a +0 dagger
  5818 | D:6      | Noticed a +0 short sword
  5818 | D:6      | Noticed a +0 falchion
  5819 | D:6      | Noticed a +0 falchion
  5820 | D:6      | Noticed a +0 dagger
  5888 | D:6      | Found a staircase to the Ecumenical Temple.
  5928 | D:6      | Identified the +1 robe of Pride {+Blink Regen+}
  6066 | D:6      | Found a hide-covered altar of Uskayaw.
  6150 | D:6      | Found a sacrificial altar of Ru.
  6270 | D:6      | Reached XP level 9. HP: 42/55 MP: 10/10
  6347 | D:6      | Found a burning altar of Makhleb.
  6474 | D:7      | Noticed a cyan ugly thing
  6481 | D:7      | Reached skill level 5 in Axes
  6482 | D:7      | Killed a cyan ugly thing
  6821 | D:7      | Found a glowing golden altar of the Shining One.
  7118 | D:7      | Found a basalt altar of Yredelemnul.
  7922 | D:8      | Reached skill level 1 in Stealth
  7922 | D:8      | Reached XP level 10. HP: 35/63 MP: 11/11
  7927 | D:8      | Reached skill level 10 in Armour
  8260 | D:8      | Identified the +7 falchion "Noarais" {vorpal, Fragile rPois
                  | rN+ Dex+2}
  8429 | D:8      | Found an iron altar of Okawaru.
  8854 | D:9      | Noticed Prince Ribbit
  8863 | D:9      | Killed Prince Ribbit
  9035 | D:9      | Found a sparkling altar of Nemelex Xobeh.
  9037 | D:9      | Noticed Maggie
  9043 | D:9      | Killed Maggie
  9051 | D:9      | Noticed an elephant
  9062 | D:9      | Killed an elephant
  9196 | D:9      | Found a staircase to the Lair.
  9381 | D:9      | Reached ***** piety under Trog
  9451 | D:9      | Reached XP level 11. HP: 66/69 MP: 12/12
  9487 | D:9      | Noticed a two-headed ogre
  9499 | D:9      | Killed a two-headed ogre
 10007 | D:10     | Entered Level 10 of the Dungeon
 10083 | D:10     | Reached skill level 10 in Axes
 10227 | D:10     | Noticed Maurice
 10232 | D:10     | Killed Maurice
 10264 | D:10     | Noticed Psyche
 10264 | D:10     | Noticed Fannar
 10268 | D:10     | Killed Psyche
 10272 | D:10     | Killed Fannar
 10277 | D:10     | Identified the +1 robe of the Enchanted Forest {*Corrode
                  | rElec Int+4 Slay+5}
 10815 | D:10     | Found a staircase to the Orcish Mines.
 11160 | D:11     | Noticed a purple ugly thing
 11169 | D:11     | Killed a purple ugly thing
 11369 | D:11     | Noticed a brown ugly thing
 11376 | D:11     | Killed a brown ugly thing
 11434 | D:11     | Found a glowing silver altar of Zin.
 11446 | D:11     | Noticed a red ugly thing
 11455 | D:11     | Killed a red ugly thing
 11756 | D:11     | Reached skill level 10 in Fighting
 11818 | D:11     | Noticed a cyclops
 11826 | D:11     | Reached XP level 12. HP: 75/77 MP: 13/13
 12071 | D:12     | Found a frozen archway.
 12076 | IceCv    | Entered an ice cave
 12237 | IceCv    | Received a gift from Trog
 12292 | IceCv    | Killed a reaper
 12329 | D:12     | Found a gate leading to a gauntlet.
 12338 | Gauntlet | Entered a Gauntlet
 12338 | Gauntlet | Found a transporter.
 12338 | Gauntlet | Found a transporter.
 12471 | Gauntlet | Found a transporter.
 12487 | Gauntlet | Found a transporter.
 12506 | Gauntlet | Found a transporter.
 12506 | Gauntlet | Found a transporter.
 12509 | Gauntlet | Found a transporter.
 12509 | Gauntlet | Found a transporter.
 12509 | Gauntlet | Found a transporter.
 12534 | Gauntlet | Found a transporter.
 12541 | Gauntlet | Found a runed translucent door.
 12542 | Gauntlet | Found a transporter.
 12543 | Gauntlet | Found a runed translucent door.
 12552 | Gauntlet | Found a transporter.
 12569 | Gauntlet | Found a transporter.
 12590 | Gauntlet | Found a transporter.
 12877 | Gauntlet | Reached skill level 5 in Dodging
 12891 | Gauntlet | Identified the +7 scimitar of Owixio {venom, *Rage Will+
                  | Str+7}
 13010 | Gauntlet | Identified the +9 glaive of the First Beggars {vorpal,
                  | rElec Dex+4}
 13010 | Gauntlet | Noticed a minotaur
 13015 | Gauntlet | Hit by a javelin thrown by a minotaur

Illustrated notes

Levels and vault maps discovered:
D:1:      ncdulo_smallfort, layout_loops_cross,
          hellmonk_ecumenical_altar_inner_sanctum
D:2:      layout_rooms, serial_shops, shop, dk_noncrumbling_4
D:3:      layout_rooms
D:4:      layout_basic, lemuel_round_altar, gup_sewer_entry_pipe
D:5:      minmay_octagon_keep, layout_basic,
          grunt_temple_overflow_order_and_chaos_1, grunt_ministairs_6
D:6:      layout_loops_ring, riverfiend_overflow_shadow_ancestor,
          nicolae_overflow_crystal_walls, nicolae_uskayaw_en_pointe,
          makhleb_blood_cavern_becter, minmay_temple_entry_antechambers
D:7:      layout_loops_ring, lemuel_round_altar, amcnicky_altar_gilded,
          serial_bayou, serial_bayou_pond_c, serial_bayou_pond_a,
          serial_bayou_lake_a, serial_bayou_shore_b
D:8:      layout_cave_pools, old_standard_altar, serial_column_ruins,
          column_ruins_open_small, column_ruins_columns_straight,
          column_ruins_open_large, column_ruins_grid_2, column_ruins_columns_T,
          column_ruins_corridor_corner
D:9:      layout_cave_pools, lemuel_tele_altar, david_lair_generic,
          serial_co_window_serial, co_window_paths_a, co_window_paths_b,
          co_window_corner_a, co_window_of_opportunity_a, co_window_paths_b,
          co_window_unsneaky_path_b, co_window_of_opportunity_b,
          co_window_broadway_c, co_window_of_opportunity_c, glass_columns_c,
          glass_columns_b, glass_columns_a, minmay_puff, uniq_prince_ribbit1,
          uniq_maggie, uniq_pikel
D:10:     layout_basic, orc_0_dummy, uniq_psyche, uniq_fannar, uniq_maurice
D:11:     layout_roguey, zin_academy
D:12:     layout_loops_ring, gauntlet_entry_generic,
          portal_ice_cave_entry_pillars_1, feat_on_display
Gauntlet: gammafunk_gauntlet_mixed_choke_point
          [minmay_gauntlet_arena_77_p_blocks, minmay_gauntlet_arena_77_braids,
          minmay_gauntlet_arena_77_two_paths,
          gammafunk_gauntlet_arena_split_diamond,
          minmay_gauntlet_arena_77_two_lines, minmay_gauntlet_arena_77_cramped,
          minmay_gauntlet_arena_77_radiant_squares,
          nicolae_gauntlet_exit_dead_adventurers]

Skill      XL: |  1  2  3  4  5  6  7  8  9 10 11 12 |
---------------+-------------------------------------+-----
Fighting       | 4 5 6 7 8 10 | 10.6
Long Blades    | 4 5 |  5.4
Armour         | 3 4 6 7 9 11 12 | 12.3
Dodging        | 3 4 5 |  5.0
Axes           | 2 4 6 9 11 12 | 12.4
Stealth        | 1 |  1.8

Action                   |  1- 3 |  4- 6 |  7- 9 | 10-12 || total
-------------------------+-------+-------+-------+-------++-------
Melee: Falchion          |    58 |   118 |       |       ||   176
       Kick              |    24 |    29 |    29 |    67 ||   149
       Peck              |     6 |    17 |    17 |    43 ||    83
       Battleaxe         |       |     7 |   125 |   213 ||   345
Invok: Berserk           |     1 |     4 |     7 |     6 ||    18
       Trog's Hand       |       |       |       |     2 ||     2
       Brothers in Arms  |       |       |       |     1 ||     1
Evoke: Wand              |       |       |       |     1 ||     1
  Use: Scroll            |       |    11 |     5 |     4 ||    20
 Stab: Sleeping          |     1 |       |       |       ||     1
Armor: Animal skin       |     8 |       |       |       ||     8
       Scale mail        |       |    51 |    10 |       ||    61
       Chain mail        |       |       |    70 |    11 ||    81
       Acid dragon scale |       |       |       |    49 ||    49
Dodge: Dodged            |    39 |   111 |    96 |   157 ||   403
       Rpst.: Falchion   |    17 |    31 |       |       ||    48

Table legend: (Time is in decaauts)
 A = Elapsed time spent in this place.
 B = Non-inter-level travel time spent in this place.
 C = Inter-level travel time spent in this place.
 D = Time resting spent in this place.
 E = Time spent auto-exploring this place.
 F = Levels seen in this place.
 G = Mean time per level.
                   A        B        C        D        E       F      G
               +--------+--------+--------+--------+--------+-----+--------+
         Total |  12768 |  12371 |    397 |   1736 |   8681 |  15 |  851.2 |
       Dungeon |  10911 |  10514 |    397 |   1073 |   8101 |  12 |  909.2 |
         Sewer |    948 |    948 |      0 |    445 |    289 |   1 |  948.0 |
      Ice Cave |    237 |    237 |      0 |     39 |      0 |   1 |  237.0 |
      Gauntlet |    670 |    670 |      0 |    179 |    290 |   1 |  670.0 |
               +--------+--------+--------+--------+--------+-----+--------+

Top non-repeatable levels by time:
     D:5: 1727 daAuts
     D:9: 1342 daAuts
     D:7: 1161 daAuts
    D:10: 1081 daAuts
     D:4: 989 daAuts
   Sewer: 948 daAuts
    D:11: 914 daAuts
     D:6: 908 daAuts
     D:1: 820 daAuts
     D:2: 710 daAuts
     D:8: 682 daAuts
Gauntlet: 670 daAuts
     D:3: 531 daAuts
   IceCv: 237 daAuts
    D:12: 42 daAuts
